Map: Orbital Depot

Players

kyknos

  • Race: Terran Terran
  • Spawn Location: 3:00

Bionabolgeek

  • Race: Protoss Protoss
  • Spawn Location: 1:00

Dedok

  • Race: Terran Terran
  • League: Silver
  • Spawn Location: 3:00

Loken - Winner!

  • Race: Protoss Protoss
  • League: Platinum
  • Spawn Location: 7:00

dallaskuken - Winner!

  • Race: Protoss Protoss
  • League: Platinum
  • Spawn Location: 9:00

Myran - Winner!

  • Race: Protoss Protoss
  • Spawn Location: 9:00

VOD

Have the link to the VOD?

Description

Time

  • Played on: April 2, 2017, 6:53 p.m.
  • Length: 6:25
Show
View Real Time Build Order
Export as new Build Order

kyknos Terran 

Build Orders:  

Get SALT Encoding   

  12  0:01  SCV  
  13  0:13  SCV  
  14  0:19  Supply Depot  
  14  0:26  SCV  
  15  0:40  SCV  
  15  0:42  Barracks  
  16  0:52  SCV  
  17  0:57  Refinery  
  17  1:04  SCV  
  18  1:16  SCV  
  19  1:31  Marine  
  20  1:33  Orbital Command  
  20  2:00  SCV  
  21  2:05  Barracks Tech Lab  
  21  2:12  Barracks  
  21  2:20  SCV  
  22  2:26  Marine  
  23  2:39  Supply Depot x2  
  23  2:56  Stimpack  
  23  3:00  SCV, Barracks, Marine  
  25  3:12  SCV  
  27  3:21  Bunker, Marine  
  27  3:24  Bunker, Marauder  
  28  3:35  SCV  
  29  3:43  Marine  
  29  3:48  Marine  
  31  3:50  Marine  
  31  3:52  Command Center  
  32  4:01  Marine  
  33  4:04  Supply Depot  
  33  4:06  Marine  
  35  4:14  Marauder  
  36  4:19  Marine  
  36  4:23  SCV, Marine  
  39  4:35  Marine  
  39  4:37  Marine  
  41  4:40  Engineering Bay  
  41  4:41  Marine  
  42  4:54  Marine  
  42  4:59  Marauder, Marine  
  46  5:01  Concussive Shells  
  46  5:12  Marine  
  47  5:15  Missile Turret  
  47  5:17  Marine  
  47  5:18  SCV  
  47  5:19  Orbital Command  
  47  5:20  Marine  
  40  5:30  Marine  
  40  5:35  Marine  
  36  5:38  Marauder  
  37  5:48  Marine  
  36  5:52  Marine  
  36  5:53  Orbital Command  
  37  6:00  Marauder  
  32  6:06  Marine  
Show
View Real Time Build Order
Export as new Build Order

Bionabolgeek Protoss 

Build Orders:  

Get SALT Encoding   

  13  0:14  Probe (Chrono Boost)  
  13  0:21  Pylon  
  14  0:30  Probe (Chrono Boost)  
  14  0:32  Assimilator  
  14  0:38  Pylon  
  14  0:55  Gateway  
  14  0:58  Gateway  
  14  0:59  Gateway  
  14  1:05  Probe (Chrono Boost)  
  14  1:10  Pylon  
  15  1:15  Assimilator, Probe (Chrono Boost)  
  16  1:28  Probe (Chrono Boost)  
  17  1:38  Probe (Chrono Boost)  
  18  1:44  Cybernetics Core  
  18  1:48  Gateway  
  18  1:49  Probe (Chrono Boost)  
  18  1:51  Pylon  
  19  2:10  Gateway  
  19  2:13  Gateway  
  19  2:20  Pylon  
  19  2:23  Pylon  
  19  2:38  Stalker x2  
  23  2:48  Twilight Council  
  23  2:54  Stalker  
  25  3:02  Stalker  
  27  3:10  Stalker  
  29  3:19  Stalker  
  31  3:26  Stalker  
  33  3:34  Stalker  
  35  3:42  Stalker  
  37  4:01  Stalker  
  37  4:02  Stalker  
  41  4:06  Stalker  
  43  4:14  Stalker  
  45  4:23  Stalker  
  47  4:32  Stalker  
  48  5:04  Stalker x2  
  52  5:10  Stalker  
  48  5:31  Stalker x2  
  48  5:32  Stalker  
  32  5:55  Stalker  
Show
View Real Time Build Order
Export as new Build Order

Dedok Terran 

Build Orders:  

Get SALT Encoding   

  12  0:02  SCV  
  13  0:14  SCV  
  13  0:20  Supply Depot  
  14  0:27  SCV  
  15  0:40  Refinery  
  15  0:43  Barracks  
  15  0:46  SCV  
  16  0:53  Refinery  
  16  0:58  SCV  
  17  1:10  SCV  
  18  1:18  Supply Depot  
  18  1:22  SCV  
  19  1:34  SCV  
  20  1:42  Marine  
  20  1:46  SCV  
  22  1:58  SCV  
  23  2:07  Barracks  
  23  2:10  SCV  
  24  2:28  SCV, Factory  
  25  2:40  SCV  
  25  2:43  Barracks Tech Lab  
  26  2:53  SCV  
  26  2:56  Barracks Reactor  
  26  2:57  Supply Depot  
  27  3:05  SCV  
  28  3:08  Marine  
  29  3:12  Combat Shields  
  29  3:14  Factory Tech Lab  
  29  3:17  SCV  
  30  3:22  Starport  
  30  3:29  SCV  
  31  3:43  Bunker  
  31  3:49  Marauder, Marine x2, Supply Depot  
  31  3:50  Siege Tank  
  31  3:53  SCV  
  39  4:10  SCV  
  40  4:26  Engineering Bay  
  40  4:34  Marauder, Marine  
  40  4:35  Marine, Siege Tank  
  40  4:37  Starport Reactor  
  47  4:50  Barracks  
  47  4:58  Missile Turret  
  47  5:02  Supply Depot  
  47  5:17  Supply Depot  
  47  5:19  Supply Depot  
  47  5:23  SCV, Marine x2  
  48  5:46  Marine x4  
  45  5:57  Supply Depot  
Show
View Real Time Build Order
Export as new Build Order

Loken Protoss - Winner!

Build Orders: Nexus First 

Get SALT Encoding   

  12  0:03  Probe (Chrono Boost)  
  13  0:13  Probe (Chrono Boost)  
  14  0:24  Probe (Chrono Boost)  
  15  0:38  Nexus  
  15  0:46  Pylon  
  15  0:57  Assimilator  
  15  1:04  Probe (Chrono Boost)  
  15  1:05  Gateway  
  16  1:13  Assimilator  
  16  1:15  Probe (Chrono Boost)  
  18  1:25  Probe (Chrono Boost)  
  18  1:36  Probe (Chrono Boost)  
  19  1:45  Pylon  
  19  1:46  Probe (Chrono Boost)  
  20  1:55  Cybernetics Core  
  20  1:57  Probe (Chrono Boost)  
  21  2:03  Probe (Chrono Boost)  
  22  2:13  Probe (Chrono Boost)  
  22  2:14  Gateway  
  23  2:16  Gateway  
  23  2:18  Gateway  
  23  2:24  Probe (Chrono Boost)  
  23  2:25  Gateway  
  24  2:33  Warp Gate, Gateway  
  24  2:39  Mothership Core (Chrono Boost)  
  26  2:46  Probe (Chrono Boost)  
  26  2:51  Gateway  
  27  2:57  Probe (Chrono Boost)  
  28  3:11  Stalker  
  28  3:12  Stalker x3  
  36  3:18  Stalker  
  38  3:21  Probe (Chrono Boost)  
  39  3:29  Forge  
  39  3:32  Pylon, Probe (Chrono Boost)  
  40  3:36  Pylon  
  40  3:49  Stalker x3  
  46  3:57  Probe (Chrono Boost)  
  47  4:05  Photon Cannon  
  47  4:08  Photon Cannon, Probe (Chrono Boost)  
  48  4:13  Pylon  
  48  4:18  Probe (Chrono Boost)  
  49  4:29  Probe (Chrono Boost)  
  50  4:38  Pylon  
  50  4:39  Probe (Chrono Boost)  
  50  4:42  Pylon  
  50  4:45  Pylon  
  51  5:13  Stalker x4  
  51  5:14  Stalker x3  
  61  5:38  Stalker x2  
  61  5:39  Stalker x4  
  65  6:03  Stalker x3  
  69  6:05  Zealot  
  69  6:06  Zealot x3  
  73  6:23  Assimilator  
Show
View Real Time Build Order
Export as new Build Order

dallaskuken Protoss - Winner!

Build Orders: 1 Gate Expand 

Get SALT Encoding   

  12  0:02  Probe (Chrono Boost)  
  13  0:12  Probe (Chrono Boost)  
  14  0:19  Pylon  
  14  0:23  Probe (Chrono Boost)  
  15  0:39  Gateway  
  15  0:43  Probe (Chrono Boost)  
  16  0:54  Probe (Chrono Boost)  
  17  0:57  Assimilator  
  17  1:04  Probe (Chrono Boost)  
  18  1:17  Probe (Chrono Boost)  
  19  1:24  Nexus  
  19  1:32  Pylon  
  19  1:49  Cybernetics Core, Zealot  
  19  1:54  Probe (Chrono Boost)  
  22  2:04  Probe (Chrono Boost)  
  23  2:09  Assimilator  
  23  2:11  Warp Gate  
  23  2:19  Zealot  
  25  2:40  Pylon  
  25  2:46  Probe (Chrono Boost)  
  25  2:47  Probe (Chrono Boost)  
  27  2:58  Probe x2 (Chrono Boost)  
  29  3:08  Probe (Chrono Boost)  
  29  3:09  Gateway  
  30  3:12  Gateway  
  30  3:15  Gateway  
  30  3:19  Probe (Chrono Boost)  
  31  3:29  Pylon  
  31  3:37  Probe (Chrono Boost)  
  32  3:48  Probe (Chrono Boost)  
  33  3:50  Stargate  
  33  3:53  Pylon  
  33  3:58  Probe (Chrono Boost)  
  34  4:09  Probe (Chrono Boost)  
  35  4:10  Forge  
  35  4:17  Stalker x3  
  35  4:19  Probe (Chrono Boost)  
  42  4:30  Probe (Chrono Boost)  
  43  4:35  Void Ray  
  47  4:49  Stalker x3  
  47  4:50  Stalker  
  55  5:12  Void Ray  
  55  5:13  Probe (Chrono Boost)  
  58  5:22  Stalker x3  
  58  5:23  Probe (Chrono Boost)  
  53  5:34  Probe (Chrono Boost)  
  50  5:44  Probe (Chrono Boost)  
  51  5:55  Stalker x2  
Show
View Real Time Build Order
Export as new Build Order

Myran Protoss - Winner!

Build Orders: Cannon Rush 

Get SALT Encoding   

  12  0:02  Probe (Chrono Boost)  
  13  0:12  Probe (Chrono Boost)  
  14  0:22  Pylon  
  14  0:24  Probe (Chrono Boost)  
  15  0:40  Probe (Chrono Boost)  
  15  0:42  Forge  
  16  0:53  Pylon  
  16  0:59  Probe (Chrono Boost)  
  17  1:18  Photon Cannon  
  17  1:20  Photon Cannon  
  17  1:31  Pylon  
  17  1:36  Photon Cannon  
  17  1:43  Photon Cannon  
  17  1:50  Pylon  
  17  1:54  Probe (Chrono Boost)  
  17  2:05  Probe (Chrono Boost)  
  17  2:06  Gateway  
  18  2:10  Assimilator  
  19  2:15  Probe (Chrono Boost)  
  19  2:26  Probe (Chrono Boost)  
  20  2:41  Photon Cannon  
  20  2:45  Probe (Chrono Boost)  
  21  2:54  Zealot  
  23  3:01  Pylon  
  23  3:04  Pylon  
  23  3:09  Gateway  
  23  3:19  Probe (Chrono Boost)  
  24  3:22  Zealot  
  24  3:25  Cybernetics Core  
  26  3:51  Warp Gate  
  27  3:56  Probe (Chrono Boost)  
  27  3:58  Nexus  
  27  3:59  Zealot  
  27  4:00  Zealot  
  31  4:08  Probe (Chrono Boost)  
  32  4:11  Assimilator  
  32  4:17  Pylon  
  32  4:27  Zealot  
  32  4:30  Zealot  
  32  4:31  Probe (Chrono Boost)  
  37  4:43  Probe (Chrono Boost)  
  38  4:48  Gateway  
  38  5:01  Stalker x2  
  42  5:11  Probe (Chrono Boost)  
  43  5:19  Photon Cannon  
  43  5:21  Probe (Chrono Boost)  
  44  5:31  Stalker  
  44  5:32  Stalker, Probe (Chrono Boost)  
  49  5:39  Probe (Chrono Boost)  
  49  5:41  Zealot  
  53  5:43  Probe (Chrono Boost)  
  53  5:53  Probe (Chrono Boost)  
  54  6:04  Probe (Chrono Boost)  
Tags
 
Add a new tag
Caveats
  • Supply blocks, unpowered buildings, or Contaminate may cause inaccurate times.
  • Supply counts are checked every 10 seconds.